 Dungeon Sprint DCSS version 0.18-a0-1180-g64ccc1e (webtiles) character file.

11100000 namelastname112 the Grand Master (level 27, -5/249 HPs)
             Began as a Demonspawn Gladiator on Jan 27, 2016.
             Was the Champion of Makhleb.
             Killed from afar by an observer (66 damage)
             ... with a fireball
             ... in the Dungeon (Sprint VIII: "Arena of Blood").
             The game lasted 00:02:29 (111 turns).

namelastname112 the Grand Master (DsGl)              Turns: 111, Time: 00:02:29

Health: -5/249     AC: 12    Str: 15    XL:     27
Magic:  38/54      EV: 38    Int: 13    God:    Makhleb [******]
Gold:   0          SH:  4    Dex: 24    Spells: 0 memorised, 80 levels left

rFire  . . .     SeeInvis .     k - +∞ Axe of Woe
rCold  . . .     Gourm    .     a - +0 leather armour
rNeg   . . .     Faith    .     (shield currently unavailable)
rPois  .         Spirit   .     b - +0 helmet
rElec  .         Dismiss  .     (no cloak)
rCorr  .         Reflect  .     (no gloves)
SustAt .         Harm     .     (boots unavailable)
MR     ++...     NoTele   +     (no amulet)
Stlth  +++++++++.               (no ring)
                                (no ring)

@: lethally poisoned (-5 -> -5), very resistant to hostile enchantments,
incredibly stealthy
A: talons 3, large bone plates 3, foul stench 2, powered by death 3,
augmentation 3, rot immunity
a: Minor Destruction, Lesser Servant of Makhleb, Major Destruction, Greater
Servant of Makhleb, Renounce Religion


You were in the Dungeon.
You worshipped Makhleb.
Makhleb was exalted by your worship.
You were not hungry.

You visited 1 branch

Inventory:

Hand Weapons
 k - the +∞ Axe of Woe (weapon)
   (You found it in the Dungeon)
Missiles
 c - 3 throwing nets (quivered)
Armour
 a - a +0 leather armour (worn)
 b - a +0 helmet (worn)
Scrolls
 j - a scroll of blinking
Potions
 e - a potion of curing
 f - a potion of heal wounds
 g - a potion of haste
 h - 2 potions of magic
 i - a potion of berserk rage
Comestibles
 d - a bread ration


   Skills:
 O Level 27 Fighting
 O Level 27 Axes
 O Level 27 Throwing
 O Level 27 Armour
 O Level 27 Dodging
 O Level 27 Stealth
 O Level 27 Unarmed Combat
 O Level 27 Spellcasting
 O Level 27 Invocations


You had 80 spell levels left.
You didn't know any spells.

Dungeon Overview and Level Annotations

Branches:
Dungeon (1/1)

Altars:
Makhleb

Annotations:
D The Servant


Innate Abilities, Weirdness & Mutations

You have claws for feet.
You are completely covered in large bone plates (AC +4, SH +4).
You frequently emit foul miasma when damaged in melee.
You regenerate a lot of health from kills.
Your magical and physical power is greatly enhanced at high health.
You are immune to rotting.


Message History

Unknown command.
Unknown command.
You slash the destroyer!
You butcher the destroyer messily.
You destroy the destroyer!
Makhleb accepts your kill.
You feel better.
You slash the meat berserker!
You chop the meat berserker into pieces.
You kill the meat berserker!
Makhleb accepts your kill.
You feel better.
You feel sick.
The eight-headed meat hydra calls on the powers of darkness!
The eight-headed meat hydra convulses! x2; Your body is wracked with pain!
You hear a shout!
The eight-headed meat hydra calls on the powers of darkness!
The eight-headed meat hydra convulses! x2; Your body is wracked with pain!
* * * LOW HITPOINT WARNING * * *
You feel something staring at you.
A fireball appears from out of thin air!
The fireball explodes!
The fireball engulfs you!
You die...
X.....
OWo..

.o #.... .# ..
#.o§ ..#
...###ooo ..###.
........###.z....
#....xz)o§V.oV..
#§§oo§# #@§§%_#
#))...#
#.@...M.%_.%..V.
V.......###.%%...
O.M###... ..###.
oO #.%. ..# #....
.#


.DLD. .. ...... You could see an accursed, a tyrant, 2 eight-headed meat hydras,
3 destroyers, 2 sculptors of flesh, a dread, a meat berserker (berserk) and 9
bags of meat.

Vanquished Creatures
  5 hell beasts (D)
  3 greater mummies (D)
  5 great orbs of eyes (D)
  3 wraiths (D)
  23 vampire knights (D)
  35 ogres (D)
  6 liches (D)
  A hydra (D)
  38 orcs (D)
  6 phantoms (D)
  3 hill giants (D)
  A skeletal warrior (D)
  2 sea snakes (D)
  7 large abominations (D)
  2 small abominations (D)
  6 crawling corpses (D)
146 creatures vanquished.

Vanquished Creatures (others)
  2 crawling corpses (D)
2 creatures vanquished.

Grand Total: 148 creatures vanquished

Notes
Turn   | Place    | Note
--------------------------------------------------------------
     0 | D        | namelastname112 the Demonspawn Gladiator began the quest for the Orb.
     0 | D        | Reached XP level 1. HP: 16/16 MP: 1/1
     3 | D        | Noticed a bag of meat
     3 | D        | Noticed a bag of meat
     4 | D        | Noticed a bag of meat
     5 | D        | Became a worshipper of Makhleb the Destroyer
     6 | D        | Noticed a meat berserker
     8 | D        | Noticed a bag of meat
     8 | D        | Killed a bag of meat
     8 | D        | Reached skill level 10 in Fighting
     8 | D        | Reached skill level 16 in Dodging
     8 | D        | Gained mutation: You are immune to rotting. [demonic ancestry]
     8 | D        | Reached XP level 2. HP: 19/36 MP: 2/2
     8 | D        | Reached XP level 3. HP: 22/42 MP: 3/3
     8 | D        | Reached XP level 4. HP: 25/49 MP: 4/4
     8 | D        | Gained mutation: You may emit foul miasma when damaged in melee. [demonic ancestry]
     8 | D        | Reached XP level 5. HP: 27/54 MP: 5/5
     8 | D        | Reached XP level 6. HP: 30/61 MP: 6/6
     8 | D        | Gained mutation: You have sharp toenails. [demonic ancestry]
     8 | D        | Reached XP level 7. HP: 32/67 MP: 7/7
     8 | D        | Reached XP level 8. HP: 35/74 MP: 8/8
     8 | D        | Gained mutation: You are partially covered in large bone plates (AC +2, SH +2). [demonic ancestry]
     8 | D        | Reached XP level 9. HP: 37/79 MP: 9/9
     8 | D        | Reached XP level 10. HP: 40/86 MP: 10/10
     8 | D        | Gained mutation: You are mostly covered in large bone plates (AC +3, SH +3). [demonic ancestry]
     8 | D        | Reached XP level 11. HP: 42/92 MP: 11/11
    10 | D        | Killed a meat berserker
    10 | D        | Reached * piety under Makhleb
    10 | D        | Reached skill level 20 in Dodging
    10 | D        | Reached XP level 12. HP: 46/105 MP: 12/12
    10 | D        | Gained mutation: You have razor-sharp toenails. [demonic ancestry]
    10 | D        | Reached XP level 13. HP: 48/111 MP: 13/13
    11 | D        | Noticed a bag of meat
    12 | D        | Killed a bag of meat
    12 | D        | Reached skill level 21 in Dodging
    12 | D        | Gained mutation: You frequently emit foul miasma when damaged in melee. [demonic ancestry]
    12 | D        | Reached XP level 14. HP: 99/120 MP: 14/14
    13 | D        | Noticed a bag of meat
    13 | D        | Noticed a bag of meat
    13 | D        | Killed a bag of meat
    13 | D        | Reached ** piety under Makhleb
    13 | D        | Reached skill level 15 in Fighting
    13 | D        | Reached skill level 1 in Axes
    13 | D        | Reached skill level 22 in Dodging
    13 | D        | Killed a bag of meat
    13 | D        | Reached skill level 23 in Dodging
    13 | D        | Gained mutation: You have claws for feet. [demonic ancestry]
    13 | D        | Reached XP level 15. HP: 128/130 MP: 15/15
    15 | D        | Reached *** piety under Makhleb
    15 | D        | Reached skill level 24 in Dodging
    16 | D        | Reached skill level 15 in Throwing
    16 | D        | Reached skill level 25 in Dodging
    17 | D        | Noticed a meat berserker
    18 | D        | Noticed a meat berserker
    19 | D        | Noticed a meat berserker
    19 | D        | Killed a meat berserker
    19 | D        | Reached skill level 26 in Dodging
    19 | D        | Gained mutation: You are completely covered in large bone plates (AC +4, SH +4). [demonic ancestry]
    19 | D        | Reached XP level 16. HP: 141/145 MP: 16/16
    19 | D        | Reached **** piety under Makhleb
    19 | D        | Reached skill level 27 in Dodging
    19 | D        | Reached skill level 27 in Unarmed Combat
    20 | D        | Noticed a meat berserker
    20 | D        | Noticed a destroyer
    22 | D        | Killed a meat berserker
    22 | D        | Reached XP level 17. HP: 152/162 MP: 17/17
    22 | D        | Killed a meat berserker
    22 | D        | Reached ***** piety under Makhleb
    22 | D        | Reached skill level 15 in Axes
    23 | D        | Killed a meat berserker
    23 | D        | Reached skill level 27 in Fighting
    23 | D        | Gained mutation: You regenerate a little health from kills. [demonic ancestry]
    23 | D        | Reached XP level 18. HP: 176/182 MP: 18/18
    24 | D        | Noticed a destroyer
    27 | D        | Killed a destroyer
    28 | D        | Noticed a meat berserker
    28 | D        | Reached XP level 19. HP: 189/189 MP: 19/19
    30 | D        | Noticed a meat berserker
    30 | D        | Killed a destroyer
    30 | D        | Reached skill level 27 in Axes
    30 | D        | Reached skill level 27 in Throwing
    31 | D        | Noticed a meat berserker
    32 | D        | Killed a meat berserker
    32 | D        | Reached skill level 10 in Stealth
    32 | D        | Reached XP level 20. HP: 197/197 MP: 19/33
    32 | D        | Killed a meat berserker
    34 | D        | Killed a meat berserker
    34 | D        | Reached ****** piety under Makhleb
    34 | D        | Reached skill level 15 in Armour
    34 | D        | Reached skill level 15 in Spellcasting
    37 | D        | Noticed a meat berserker
    38 | D        | Noticed a meat berserker
    38 | D        | Noticed a meat berserker
    38 | D        | Gained mutation: You regenerate health from kills. [demonic ancestry]
    38 | D        | Reached XP level 21. HP: 204/204 MP: 20/43
    40 | D        | Reached skill level 27 in Invocations
    41 | D        | Noticed a destroyer
    42 | D        | Noticed a destroyer
    42 | D        | Noticed a destroyer
    43 | D        | Noticed a destroyer
    43 | D        | Gained mutation: Your magical and physical power is slightly enhanced at high health. [demonic ancestry]
    43 | D        | Reached XP level 22. HP: 212/212 MP: 21/50
    44 | D        | Noticed an accursed
    44 | D        | Killed a destroyer
    44 | D        | Reached skill level 27 in Armour
    44 | D        | Reached skill level 27 in Stealth
    44 | D        | Reached skill level 27 in Spellcasting
    45 | D        | Noticed a destroyer
    45 | D        | Gained mutation: Your magical and physical power is enhanced at high health. [demonic ancestry]
    45 | D        | Reached XP level 23. HP: 219/219 MP: 22/54
    47 | D        | Killed a destroyer
    48 | D        | Noticed a destroyer
    49 | D        | Killed a destroyer
    49 | D        | Gained mutation: Your magical and physical power is greatly enhanced at high health. [demonic ancestry]
    49 | D        | Reached XP level 24. HP: 227/227 MP: 23/54
    49 | D        | Killed a destroyer
    50 | D        | Killed a destroyer
    51 | D        | Noticed a destroyer
    51 | D        | Noticed a destroyer
    51 | D        | Killed an accursed
    51 | D        | Gained mutation: You regenerate a lot of health from kills. [demonic ancestry]
    51 | D        | Reached XP level 25. HP: 234/234 MP: 23/54
    52 | D        | Noticed a destroyer
    52 | D        | Killed a destroyer
    54 | D        | Reached XP level 26. HP: 242/242 MP: 24/54
    55 | D        | Killed a destroyer
    58 | D        | Noticed a destroyer
    59 | D        | Killed a destroyer
    59 | D        | Reached XP level 27. HP: 249/249 MP: 25/54
    59 | D        | Killed a destroyer
    62 | D        | Noticed a dread
    63 | D        | Killed a destroyer
    67 | D        | Noticed a meat beast
    67 | D        | Noticed a tyrant
    68 | D        | Killed a meat beast
    69 | D        | Noticed a tyrant
    70 | D        | Noticed a dread
    71 | D        | Killed a dread
    79 | D        | Noticed a destroyer
    79 | D        | Noticed a dread
    80 | D        | Killed a tyrant
    80 | D        | Killed a destroyer
    81 | D        | Killed a dread
    82 | D        | Noticed a destroyer
    83 | D        | Noticed a meat beast
    83 | D        | Noticed a meat beast
    84 | D        | Killed a tyrant
    84 | D        | Killed a destroyer
    84 | D        | Noticed a tyrant
    86 | D        | Noticed a destroyer
    86 | D        | Killed a tyrant
    87 | D        | Noticed The Servant
    87 | D        | Noticed an accursed
    87 | D        | Killed a meat beast
    87 | D        | Killed a meat beast
    88 | D        | Noticed a destroyer
    89 | D        | Noticed a meat beast
    89 | D        | Noticed a destroyer
    90 | D        | Noticed a destroyer
    90 | D        | Noticed an accursed
    90 | D        | Noticed a destroyer
    90 | D        | Killed a meat beast
    91 | D        | Killed a destroyer
    92 | D        | Noticed a destroyer
    92 | D        | Noticed a tyrant
    92 | D        | Killed a destroyer
    93 | D        | Killed a destroyer
    94 | D        | Noticed a meat beast
    94 | D        | Killed a destroyer
    95 | D        | Noticed an accursed
    96 | D        | Killed a destroyer
    96 | D        | Killed a dread
    99 | D        | Killed a meat beast
   100 | D        | Noticed a destroyer
   100 | D        | Noticed a destroyer
   101 | D        | Noticed a tyrant
   101 | D        | Killed a destroyer
   102 | D        | Noticed a tyrant
   104 | D        | Killed a tyrant
   105 | D        | Noticed a destroyer
   106 | D        | Killed an accursed
   106 | D        | Killed a destroyer
   106 | D        | Noticed a destroyer
   106 | D        | Noticed a destroyer
   107 | D        | Killed a tyrant
   108 | D        | Killed an accursed
   108 | D        | Killed a destroyer
   109 | D        | Killed a tyrant
   111 | D        | Noticed a dread
   111 | D        | Noticed a destroyer
   111 | D        | Killed a destroyer
   111 | D        | Killed from afar by an observer

Vault maps used:
D:        meatsprint

Action                   |  1- 3 |  4- 6 |  7- 9 | 10-12 | 13-15 | 16-18 | 19-21 | 22-24 | 25-27 || total
-------------------------+-------+-------+-------+-------+-------+-------+-------+-------+-------++-------
Melee: Executioner's axe |     1 |       |       |     1 |     5 |     4 |     7 |     7 |    53 ||    78
